 Dungeon Crawl Stone Soup version 0.16-b1 (webtiles) character file.

244 Zapata the Cudgeler (level 6, -6/37 HPs)
             Began as a Kobold Berserker on Mar 15, 2015.
             Was a Priest of Trog.
             Mangled by Prince Ribbit (18 damage)
             ... on level 4 of the Dungeon.
             The game lasted 00:03:16 (2753 turns).

Zapata the Cudgeler (Kobold Berserker)              Turns: 2753, Time: 00:03:16

Health: -6/37      AC:  5    Str: 16    XL:     6   Next: 32%
Magic:  6/6        EV: 15    Int:  9    God:    Trog [***...]
Gold:   144        SH:  0    Dex: 17    Spells: 0 memorised, 5 levels left

rFire  . . .     SeeInvis .     a - +0 mace
rCold  . . .     Clarity  +     b - +0 animal skin
rNeg   . . .     SustAb   .     (no shield)
rPois  .         Gourm    .     h - +0 helmet
rElec  .         Spirit   .     (no cloak)
rCorr  .         Warding  .     j - +0 pair of gloves
rMut   .         Stasis   .     g - +0 pair of boots
MR     .....                    q - amulet of clarity
Stlth  ++........               (no ring)
                                t - +4 ring of intelligence

@: not resistant to hostile enchantments, unstealthy
A: carnivore 3
a: Burn Spellbooks, Berserk, Trog's Hand, Renounce Religion


You were on level 4 of the Dungeon.
You worshipped Trog.
Trog was most pleased with you.
You were very full.

You visited 1 branch of the dungeon, and saw 4 of its levels.

You collected 144 gold pieces.

Inventory:

Hand weapons
 a - a +0 mace (weapon)
Armour
 b - a +0 animal skin (worn)
 g - a +0 pair of boots (worn)
 h - a +0 helmet (worn)
 j - a +0 pair of gloves (worn)
Jewellery
 p - an uncursed ring of fire
 q - an amulet of clarity (around neck)
 t - a +4 ring of intelligence (left hand)
Scrolls
 f - 3 scrolls of remove curse {unknown}
 i - 2 scrolls of recharging {unknown}
 k - 2 scrolls of identify {unknown}
 m - a scroll of enchant armour {unknown}
 n - a scroll of random uselessness {unknown}
 o - a scroll of fog {unknown}
 r - a scroll of teleportation {unknown}
Potions
 d - 2 potions of haste {unknown}
 e - a potion of mutation {unknown}
 l - a potion of curing {unknown}
 s - a potion of poison {unknown}
Comestibles
 c - 2 slices of pizza


   Skills:
 - Level 3.2 Fighting
 + Level 6.6 Maces & Flails
 - Level 1.5 Armour
 - Level 2.4 Dodging


You had 5 spell levels left.
You didn't know any spells.

Dungeon Overview and Level Annotations

Branches:
Dungeon (4/15)
 Temple: D:4-7

Altars:
Fedhas
Yredelemnul

Annotations:
D:4 Prince Ribbit


Innate Abilities, Weirdness & Mutations

You are small and have problems with some larger weapons.
You are carnivorous and can eat meat at any time.


Message History

There is an open door here.
You now have 144 gold pieces (gained 12).
You open the door.
Prince Ribbit comes into view.
Prince Ribbit is nearby!
There is an open door here.
Prince Ribbit is nearby!
Prince Ribbit hits you! Prince Ribbit barely misses you.
Prince Ribbit is nearby!
You hit Prince Ribbit.
Prince Ribbit is lightly wounded.
Prince Ribbit catches a centipede with his tongue.
Prince Ribbit hits you!
You thump Prince Ribbit!
Prince Ribbit is moderately wounded.
Prince Ribbit misses you. Prince Ribbit closely misses you.
You completely miss Prince Ribbit.
Prince Ribbit is moderately wounded.
Prince Ribbit hits you!!
You die...

#................#
#.....##..##'##..'..
#.....##..#...#+##..
#......+..+.........
#.....##..#.........
#.....##..#.........
#.........#......#+#
#.........+...#+##.#
#....%...[#...'@F..#
#.....##..#...#.##.#
#.....##..#...#.#
#.........+...#..
#.....###'#...#...
#.....##..#...+....
#.....#...#...#.####
#.....+...+...#.#
#.....##..#...#..


You could see Prince Ribbit.

Vanquished Creatures
  The ghost of Zapata the Cudgeler, an average KoBe of Trog (D:3)
  A hound (D:4)
  An adder (D:2)
  3 worms
  2 giant geckos
  An orc (D:3)
  7 giant cockroaches
  5 goblins
  12 hobgoblins
  3 jackals (D:2)
  10 kobolds
  2 ball pythons
  8 bats
  11 giant newts
  2 gnoll zombies (D:2)
  A quokka (D:3)
  4 rats
74 creatures vanquished.

Notes
Turn   | Place    | Note
--------------------------------------------------------------
     0 | D:1      | Zapata, the Kobold Berserker, began the quest for the Orb.
     0 | D:1      | Reached XP level 1. HP: 14/14 MP: 1/1
   108 | D:1      | Reached XP level 2. HP: 13/19 MP: 2/2
   458 | D:1      | Acquired Trog's second power
   472 | D:1      | Reached skill level 4 in Maces & Flails
   472 | D:1      | Reached XP level 3. HP: 12/23 MP: 3/3
  1055 | D:2      | Reached XP level 4. HP: 20/28 MP: 4/4
  1500 | D:2      | Found a basalt altar of Yredelemnul.
  1563 | D:3      | Found a blossoming altar of Fedhas.
  1564 | D:3      | Noticed Zapata's ghost (average KoBe)
  1842 | D:3      | Killed Zapata's ghost
  1842 | D:3      | Reached skill level 6 in Maces & Flails
  1842 | D:3      | Reached XP level 5. HP: 24/32 MP: 5/5
  1932 | D:3      | Reached XP level 6. HP: 30/37 MP: 6/6
  2748 | D:4      | Noticed Prince Ribbit
  2753 | D:4      | Mangled by Prince Ribbit

Action                   |  1- 3 |  4- 6 || total
-------------------------+-------+-------++-------
Melee: Mace              |   133 |   142 ||   275
Invok: Berserk           |     1 |     3 ||     4
 Stab: Sleeping          |     1 |       ||     1
  Eat: Meat ration       |     1 |       ||     1
       Chunk             |       |     8 ||     8
       Beef jerky        |       |     1 ||     1
